 Dungeon Crawl Stone Soup version 0.25.0-10-g039870ee82 (webtiles) character file.

Game seed: 10241054078228425019

68 shadizar the Sneak (level 4, -4/30 HPs)
             Began as an Octopode Assassin on June 22, 2020.
             Slain by a bullfrog (6 damage)
             ... on level 2 of the Dungeon.
             The game lasted 00:02:01 (1723 turns).

shadizar the Sneak (Octopode Assassin)              Turns: 1723, Time: 00:02:01

Health: -4/30      AC:  1    Str: 11    XL:     4   Next: 19%
Magic:  4/4        EV: 13    Int: 13    God:
Gold:   79         SH:  0    Dex: 13    Spells: 3/3 levels left

rFire    . . .     SeeInvis +   a - +2 dagger
rCold    . . .     Gourm    .   (no shield)
rNeg     . . .     Faith    .   (helmet restricted)
rPois    .         Spirit   .   (no amulet)
rElec    .         Reflect  .   j - ring of see invisible
rCorr    .         Harm     .   (no ring)
MR       .....                  (no ring)
Stlth    ++++......             (no ring)
HPRegen  0.10/turn              (no ring)
MPRegen  0.09/turn              (no ring)
                                (no ring)
                                (no ring)

@: no status effects
A: almost no armour, stealthy swim, amphibious, 8 rings, constrict 8, camouflage
1, gelatinous body 1
a: no special abilities


You were on level 2 of the Dungeon.
You were not hungry.

You visited 1 branch of the dungeon, and saw 3 of its levels.

You collected 79 gold pieces.

Inventory:

Hand Weapons
 a - a +2 dagger (weapon)
Missiles
 b - 8 poisoned darts (quivered)
 c - 2 curare-tipped darts
Jewellery
 j - a ring of see invisible (left tentacle)
Scrolls
 e - a scroll of fear {unknown}
 g - 2 scrolls of remove curse {unknown}
 h - 2 scrolls of identify {unknown}
Potions
 i - a potion of curing {unknown}
Comestibles
 d - 4 rations
 f - a chunk of flesh


   Skills:
 + Level 2.7 Fighting
 + Level 2.7 Short Blades
 - Level 2.0 Throwing
 + Level 2.0 Dodging
 + Level 6.0 Stealth


You had 3 spell levels left.
You didn't know any spells.
Your spell library was empty.

Dungeon Overview and Level Annotations

Branches:
Dungeon (3/15)

Altars:
Wu Jian


Innate Abilities, Weirdness & Mutations

You cannot wear most types of armour.
You are very stealthy in the water. (Stealth+)
You are amphibious.
You can wear up to eight rings at the same time.
You can use your tentacles to constrict eight enemies at once.
Your skin changes colour to match your surroundings (Stealth+).
Your rubbery body absorbs attacks. (AC +1, EV +1)


Message History

You release your grip on the orc.
You closely miss the orc. Your grab misses the orc.
The orc is almost dead.
The orc barely misses you.
You hit the orc.
You kill the orc!
The bullfrog hits you! The bullfrog barely misses you.
The bullfrog closely misses you.
There is a stone staircase leading up here.
The bullfrog hits you! The bullfrog closely misses you.
You climb upwards.
There is a stone staircase leading down here.
Unknown command.
Unknown command.
Unknown command.
The bullfrog hits you!
* * * LOW HITPOINT WARNING * * *
The bullfrog hits you.
You die...

.######.#.#.#..#######.#########.
..........#.#.....# #.# ##.
#######.#.#.#.###.# #.########..
#.....#.###.# #.#.........
###......##.# #.#.#.###.#.
#.##...##.# #.#.........
#.##...##^####.#.#.###)##
#...............#>..##.#
#.......@......#.....#.##
#......F..###........÷...
####...##.###.##.)÷......
#....>...........##.##
#...#########.#..##.# #####
#.##.##.# #.......# ####.#### #.#


You could see a bullfrog.

Vanquished Creatures
  2 adders
  A worm (D:2)
  3 dart slugs
  An orc (D:3)
  3 bats
  2 giant cockroaches
  8 goblins
  2 hobgoblins (D:1)
  4 jackals (D:1)
  2 kobolds
  A quokka (D:2)
  A frilled lizard (D:2)
  8 rats
38 creatures vanquished.

Notes
Turn   | Place    | Note
-------+----------+-------------------------------------------
     0 | D:1      | shadizar the Octopode Assassin began the quest for the Orb.
     0 | D:1      | Reached XP level 1. HP: 14/14 MP: 1/1
     6 | D:1      | Noticed a hog
     6 | D:1      | Noticed a polar bear
     6 | D:1      | Noticed a four-headed hydra
     6 | D:1      | Noticed a komodo dragon
   101 | D:1      | Reached XP level 2. HP: 19/19 MP: 2/2
   521 | D:1      | Reached XP level 3. HP: 25/25 MP: 3/3
  1245 | D:2      | Found a faded altar of an unknown god.
  1458 | D:2      | Found an ornate altar of the Wu Jian Council.
  1630 | D:3      | Reached skill level 6 in Stealth
  1630 | D:3      | Reached XP level 4. HP: 26/30 MP: 4/4
  1706 | D:3      | Noticed a centaur
  1707 | D:3      | Noticed a bullfrog
  1723 | D:2      | Slain by a bullfrog

Illustrated notes

Levels and vault maps discovered:
D:1:      onia_arrival_zoo_common, layout_loops_corners, minmay_crystal_room,
          chequers_arboretum, hangedman_decor_riveting
D:2:      layout_loops_ring, lemuel_coloured_pillars_altar,
          chequers_ecumenical_altar_island, first_ration
D:3:      minmay_evil_eye, layout_rooms, lemuel_round_altar

Skill      XL: |  1  2  3 |
---------------+----------+-----
Dodging        | 2 |  2.0
Stealth        | 6 |  6.0
Fighting       | |  2.7
Short Blades   | |  2.7
Throwing       | |  2.0

Action                   |  1- 3 |  4- 6 || total
-------------------------+-------+-------++-------
Melee: Dagger            |    61 |     5 ||    66
       Constrict         |     9 |     1 ||    10
       Tentacles         |     8 |       ||     8
 Stab: Sleeping          |    20 |     1 ||    21
  Eat: Chunk             |     2 |       ||     2
Armor: Skin              |     3 |     1 ||     4
Dodge: Dodged            |    24 |     8 ||    32
